 Dungeon Crawl Stone Soup version bcrawl-1.38.3 (webtiles) character file.

Game seed: 7717270301854217429

189570 Galewind the Magician (level 7, 0/38 HPs)
             Began as an Avariel Fire Elementalist on June 24, 2023.
             Was an Initiate of Vehumet.
             Slain by a cane toad skeleton (12 damage)
             ... on level 6 of the Dungeon.
             The game lasted 00:04:45 (5111 turns).

Galewind the Magician (Avariel Fire Elementalist)   Turns: 5111, Time: 00:04:46

Health: 0/38       AC:  3    Str:  6    XL:     7   Next: 98%
Magic:  11/19      EV: 13    Int: 23    God:    Vehumet [......]
Gold:   206        SH:  0    Dex: 13    Spells: 9/19 levels left

rFire    + . .     GDR:     25% u - +2 falchion (elec)
rCold    . . .     SeeInvis .   (no shield)
rNeg     + . .     Gourm    .   a - +0 robe
rPois    .         Faith    .   (no helmet)
rElec    .         Spirit   .   (no cloak)
rCorr    .         Reflect  .   v - +0 pair of gloves
MR       .....                  (no boots)
Stlth    ++........             m - amulet of magic regeneration
HPRegen  0.16/turn              l - ring of positive energy
MPRegen  0.32/turn              s - ring of protection from fire

@: no status effects
A: no striking features
a: Renounce Religion


You were on level 6 of the Dungeon.
You worshipped Vehumet.
Vehumet was noncommittal.
You were not hungry.

You visited 2 branches of the dungeon, and saw 7 of its levels.

You collected 459 gold pieces.
You spent 253 gold pieces at shops.

Inventory:

Hand Weapons
 u - a +2 falchion of electrocution (weapon)
Missiles
 d - 2063 stones (quivered)
Armour
 a - a +0 robe (worn)
 v - a +0 pair of gloves (worn)
Jewellery
 l - a ring of positive energy (left hand)
 m - an amulet of magic regeneration (around neck)
 s - a ring of protection from fire (right hand)
Wands
 c - a wand of flame (36)
 p - a wand of paralysis (6)
Scrolls
 b - 5 scrolls of remove curse
 f - a scroll of amnesia {unknown}
 j - 3 scrolls of enchant weapon {unknown}
 n - a scroll of magic mapping {unknown}
 y - a scroll of teleportation {unknown}
 A - a scroll of blinking {unknown}
Potions
 g - 2 potions of curing
 h - 2 potions of mutation
 k - 2 potions of resistance
 o - 2 potions of might {unknown}
 q - 2 potions of heal wounds {unknown}
 r - 2 potions of agility {unknown}
 t - a potion of lignification {unknown}
 w - a potion of haste {unknown}
 x - a potion of cancellation {unknown}
Comestibles
 e - 8 rations {!d}
 B - a chunk of flesh


   Skills:
 + Level 1.0 Fighting
 + Level 0.9 Long Blades
 + Level 3.2 Dodging
 - Level 2.1 Stealth
 + Level 6.7 Spellcasting
 + Level 5.7 Conjurations
 + Level 5.9 Fire Magic


You had 9 spell levels left.
You knew the following spells:

 Your Spells              Type           Power        Failure   Level  Hunger
a - Flame Tongue          Conj/Fire      ####.        1%          1    None
b - Sticky Flame          Conj/Fire      ####....     7%          4    ####...
c - Fireball              Conj/Fire      ####......   21%         5    #####..

Your spell library contained the following spells:

 Spells                   Type           Power        Failure   Level  Hunger
 Conjure Flame            Conj/Fire      ####....     2%          3    None
 Flaming Arrows           Chrm/Fire      ###.....     3%          2    None
 Inner Flame              Hex/Fire       N/A          7%          3    None


Dungeon Overview and Level Annotations

Branches:
Dungeon (6/12)             Temple (1/1) D:4

Altars:
Ashenzari
Cheibriados
Dithmenos
Elyvilon
Gozag
Hepliaklqana
Makhleb
Uskayaw
Vehumet
Xom
Yredelemnul
The Shining One

Shops:
D:4 *


Message History

The adder closely misses you. The cane toad skeleton hits you!
You hear a grinding noise.
The adder bites you but does no damage.
Casting: Flame Tongue (safe; 1% risk of failure)
Confirm with . or Enter, or press ? or * to list all spells.
Aiming: Sticky Flame (safe; 7% risk of failure)
Press: ? - help, Shift-Dir - straight line, f/p - cane toad skeleton
Aim: a cane toad skeleton (heavily damaged)
The sticky flame hits the cane toad skeleton.
The cane toad skeleton is heavily damaged.
The cane toad skeleton is covered in liquid flames!
The cane toad skeleton burns!
The adder bites you.
You are poisoned.
The adder poisons you! The cane toad skeleton hits you!
* * * LOW HITPOINT WARNING * * *
You hear a grinding noise.
You feel better.
The cane toad skeleton burns!
The adder misses you.
You hear a grinding noise.
The cane toad skeleton hits you!
You die...

#.... #.... ..
#.... % # #...?
.##.. #....
[...# ###....
......
.......##......
###....<......#
#.....S@.......
..#...Z....#.#.
#.........#
.............
............##
#.!...........
##...........#.
##...#......#


You could see an adder and a cane toad skeleton (burning).

Vanquished Creatures
  Menkaure (D:5)
  An orc warrior (D:5)
  An ogre (D:4)
  Blork the orc (D:4)
  2 orc priests
  A crimson imp (D:4)
  A jelly (D:6)
  An iguana (D:4)
  An orc wizard (D:5)
  A worker ant (D:4)
  A hound zombie (D:5)
  8 adders
  4 gnolls (D:3)
  5 worms
  2 dart slugs
  6 leopard geckos
  16 orcs
  A ball python (D:1)
  4 giant cockroaches
  8 goblins
  8 hobgoblins
  8 jackals
  A quokka (D:5)
  2 bats
  5 frilled lizards
  8 kobolds
  5 rats
103 creatures vanquished.

Vanquished Creatures (others)
  3 jackals (D:4)
  A quokka (D:4)
4 creatures vanquished.

Grand Total: 107 creatures vanquished

Notes
Turn   | Place    | Note
-------+----------+-------------------------------------------
     0 | D:1      | Galewind the Avariel Fire Elementalist began the quest for
                  | the Orb.
     0 | D:1      | Reached XP level 1. HP: 10/10 MP: 6/6
   274 | D:1      | Reached XP level 2. HP: 15/15 MP: 5/7
   580 | D:1      | Reached skill level 3 in Spellcasting
   725 | D:1      | Reached XP level 3. HP: 10/19 MP: 5/9
  2080 | D:2      | Reached XP level 4. HP: 24/24 MP: 9/11
  2347 | D:2      | Learned a level 4 spell: Sticky Flame
  2405 | D:3      | Reached skill level 4 in Spellcasting
  2466 | D:3      | Reached XP level 5. HP: 21/28 MP: 8/13
  3483 | D:4      | Noticed an ogre
  3487 | D:4      | Killed an ogre
  3488 | D:4      | Reached skill level 5 in Spellcasting
  3488 | D:4      | Reached XP level 6. HP: 33/33 MP: 9/15
  3498 | D:4      | Learned a level 5 spell: Fireball
  3566 | D:4      | Found Figezat's General Store.
  3566 | D:4      | Noticed Blork the orc
  3575 | D:4      | Killed Blork the orc
  3576 | D:4      | Reached skill level 5 in Fire Magic
  3659 | D:4      | Bought a +2 falchion of electrocution for 253 gold pieces
  3684 | D:4      | Reached XP level 7. HP: 24/37 MP: 13/17
  3777 | D:4      | Found a white marble altar of Elyvilon.
  3855 | D:4      | Found a staircase to the Ecumenical Temple.
  3965 | Temple   | Entered the Ecumenical Temple
  4085 | Temple   | Became a worshipper of Vehumet
  4326 | D:5      | Entered Level 5 of the Dungeon
  4436 | D:5      | Reached skill level 6 in Spellcasting
  4436 | D:5      | Reached skill level 5 in Conjurations
  4650 | D:5      | Noticed Menkaure
  4657 | D:5      | Killed Menkaure
  4658 | D:5      | Reached skill level 1 in Fighting
  4988 | D:5      | Found a burning altar of Makhleb.
  5111 | D:6      | Slain by a cane toad skeleton

Skill      XL: |  1  2  3  4  5  6  7 |
---------------+----------------------+-----
Spellcasting   | 3 4 5 6 |  6.7
Conjurations   | 2 3 4 5 |  5.7
Fire Magic     | 4 5 |  5.9
Dodging        | 3 |  3.2
Fighting       | 1 |  1.0
Long Blades    | |  0.9
Stealth        | |  2.1

Action                   |  1- 3 |  4- 6 |  7- 9 || total
-------------------------+-------+-------+-------++-------
Melee: Unarmed           |     4 |       |       ||     4
       Spear             |    20 |     3 |       ||    23
       Falchion          |       |     4 |     1 ||     5
 Cast: Flame Tongue      |    73 |   100 |    41 ||   214
       Sticky Flame      |       |     3 |     5 ||     8
       Fireball          |       |       |     2 ||     2
Evoke: Wand              |       |     5 |       ||     5
  Use: Scroll            |       |     2 |     2 ||     4
       Potion            |       |       |     2 ||     2
 Stab: Sleeping          |     1 |     1 |     1 ||     3
       Paralysed         |       |     4 |       ||     4
  Eat: Chunk             |     5 |     7 |     6 ||    18
Armor: Robe              |     6 |     6 |     3 ||    15
Dodge: Dodged            |    31 |    32 |    16 ||    79
